 Dungeon Crawl Stone Soup version 0.27-a0-1312-g5cdb2b3542 (webtiles) character file.

Game seed: 7727580430928898953

36 HAL9000 the Sneak (level 3, -1/18 HPs)
             Began as a Vine Stalker Brigand on June 19, 2021.
             Killed from afar by an orc wizard (3 damage)
             ... with a puff of flame
             ... on level 1 of the Dungeon.
             The game lasted 00:03:03 (1968 turns).

HAL9000 the Sneak (Vine Stalker Brigand)            Turns: 1968, Time: 00:03:04

Health: -1/18      AC:  3    Str: 14    XL:     3   Next: 37%
Magic:  0/4        EV: 11    Int: 11    God:
Gold:   26         SH:  0    Dex: 15    Spells: 2/2 levels left

rFire    . . .     SeeInvis .   a - +2 dagger
rCold    . . .     Faith    .   (no shield)
rNeg     . . .     Spirit   +   b - +0 robe
rPois    .         Reflect  .   (no helmet)
rElec    .         Harm     .   c - +0 cloak
rCorr    .         Rampage  .   (no gloves)
Will     .....                  (no boots)
Stlth    +++.......             (no amulet)
HPRegen  0.06/turn              (no ring)
MPRegen  0.09/turn              (no ring)

@: no status effects
A: fangs 2, magic shield, antimagic bite, no potion heal 2
a: no special abilities


You were on level 1 of the Dungeon.
You visited 1 branch of the dungeon, and saw 2 of its levels.

You collected 26 gold pieces.

Inventory:

Hand Weapons
 a - a +2 dagger (weapon)
Missiles
 d - 6 poisoned darts (quivered)
 e - 2 curare-tipped darts
 g - 6 javelins
Armour
 b - a +0 robe (worn)
 c - a +0 cloak (worn)
Jewellery
 h - an amulet of faith
Scrolls
 i - a scroll of enchant armour {unknown}
 j - 2 scrolls of identify {unknown}
Potions
 f - a potion of might {unknown}
 k - a potion of degeneration {unknown}


   Skills:
 - Level 1.7 Fighting
 + Level 3.3 Short Blades
 - Level 1.7 Throwing
 - Level 0.7 Dodging
 - Level 4.8 Stealth


You had 2 spell levels left.
You didn't know any spells.
Your spell library was empty.

Dungeon Overview and Level Annotations

Branches:
Dungeon (2/15)

Altars:


Innate Abilities, Weirdness & Mutations

You have extremely sharp teeth.
When hurt, damage is shared between your health and your magic reserves.
Your bite disrupts and absorbs the magic of your enemies.
Potions cannot restore your health.


Message History

The kobold hits you but does no damage.
You hear some strange, mumbled words.
You are more confused.
Something hits you but does no damage.
You climb upwards.
Reactivating autopickup.
There is a stone staircase leading down here.
You closely miss the kobold. Your bite misses the kobold.
The kobold hits you but does no damage. Something hits you.
Deactivating autopickup; reactivate with Ctrl-A.
You hit the kobold.
The kobold is severely wounded.
The kobold hits you with a +0 dagger. Something hits you.
You hit the kobold.
You kill the kobold!
Things that are here:
a +0 dagger; 3 stones You completely miss something.
You bite something. You drain its magic. Something hits you.
You miss something. Your bite misses something. Something hits you.
You hit something. Your bite misses something. Something hits you.
You bump into the rock wall.
Something hits you but does no damage.
You bump into the rock wall.
Something hits you.
You miss something. Something hits you but does no damage.
You barely miss something. Your bite misses something.
You bump into the rock wall.
You feel less confused. Something hits you but does no damage.
You hit something but do no damage. You bite something. Something hits you.
You miss something. Something hits you.
* * * LOW HITPOINT WARNING * * *
You hit something. You bite something. You drain its magic.
You feel invigorated. Something hits you.
* * * LOW HITPOINT WARNING * * *
You hit something. You bite something. You drain its magic.
You feel invigorated.
You hear some strange, mumbled words.
A puff of flame appears from out of thin air!
The puff of flame hits you.
You die...

##.### #....#
#.#............. #.#
#.##.# #.#.............
#.#
#.######.###########'#.
#.# #........#
#########.#. #.#
########## #.........#.
#.# #.#########. #.#
#.# #.
#.#################.#
#.
#..........){@......#
##
#####################


There were no monsters in sight!

Vanquished Creatures
  2 dart slugs
  An orc (D:1)
  An endoplasm (D:1)
  2 hobgoblins (D:1)
  6 jackals (D:1)
  3 kobolds (D:1)
  4 ball pythons
  6 bats
  A frilled lizard (D:2)
  3 rats (D:1)
29 creatures vanquished.

Notes
Turn   | Place    | Note
-------+----------+-------------------------------------------
     0 | D:1      | HAL9000 the Vine Stalker Brigand began the quest for the
                  | Orb.
     0 | D:1      | Reached XP level 1. HP: 11/11 MP: 2/2
    51 | D:1      | Reached XP level 2. HP: 3/15 MP: 1/3
  1020 | D:1      | Noticed a floating eye
  1022 | D:1      | Found a faded altar of an unknown god.
  1024 | D:1      | Noticed an eye of devastation
  1024 | D:1      | Noticed a golden eye
  1024 | D:1      | Noticed a shining eye
  1400 | D:1      | Reached XP level 3. HP: 18/18 MP: 4/4
  1968 | D:1      | Killed from afar by an orc wizard

Illustrated notes

Levels and vault maps discovered:
D:1:      dpeg_arrival_pits, layout_basic,
          hellmonk_ecumenical_altar_watching_god, columned_hall_lemuel
D:2:      layout_basic, kennysheep_generic_room_2

Skill      XL: |  1  2 |
---------------+-------+-----
Short Blades   | 2 3 |  3.3
Fighting       | |  1.7
Throwing       | |  1.7
Dodging        | |  0.7
Stealth        | |  4.8

Action                   || total
-------------------------++-------
Melee: Dagger            ||    98
       Bite              ||    29
Throw: Dart              ||     2
 Stab: Sleeping          ||     5
Armor: Robe              ||    44
Dodge: Dodged            ||    63

Table legend: (Time is in decaauts)
 A = Elapsed time spent in this place.
 B = Non-inter-level travel time spent in this place.
 C = Inter-level travel time spent in this place.
 D = Time resting spent in this place.
 E = Time spent auto-exploring this place.
 F = Levels seen in this place.
 G = Mean time per level.
                   A        B        C        D        E       F      G
               +--------+--------+--------+--------+--------+-----+--------+
         Total |   1960 |   1931 |     29 |    736 |    929 |   2 |  980.0 |
       Dungeon |   1960 |   1931 |     29 |    736 |    929 |   2 |  980.0 |
               +--------+--------+--------+--------+--------+-----+--------+

Top non-repeatable levels by time:
     D:1: 1800 daAuts
     D:2: 160 daAuts
